AoeStats
← 清融

Oasis

509534828Analyzed
2v2 RM · 6d ago on Sep 27, 2026· 51m 33s· 4 players
Game mode
Random Map
Map size
Medium (4 player)
Population
200
Speed
Normal
Resources
Standard
Victory
Conquest
Starting age
Dark Age
Ending age
Imperial Age
RankedLock teamsTeams togetherTeam positionsShared explorationLock speedFull tech treeHidden civsTurbo modeCheats
Victory
Defeat
🇺🇸 Persians · United States
996
+8
🇺🇸 Spanish · United States
699
+26
🇨🇱 Teutons · Chile
789
-13
🇨🇳 Huns · China
782
-13
cristobal.queutre.91
0:32 Loom
18:30 Feudal Age
19:31 Man-at-Arms
19:58 Arson
20:53 Wheelbarrow
20:05 Town Watch
20:03 Horse Collar
20:12 Double-Bit Axe
29:09 Castle Age
27:37 Bloodlines
28:31 Scale Barding Armor
28:26 Scale Mail Armor
30:22 Hand Cart
30:08 Town Patrol
30:00 Gold Mining
35:50 Chain Barding Armor
35:46 Chain Mail Armor
42:02 Heavy Plow
42:16 Bow Saw
41:59 Stone Mining
42:35 Caravan
43:21 Forging
43:27 Chain Mail Armor
46:50 Imperial Age
46:13 Iron Casting
47:52 Ironclad
47:21 Elite Teutonic Knight
47:25 Cavalier
48:43 Plate Barding Armor
48:39 Plate Mail Armor
49:10 Blast Furnace
49:24 Chemistry
48:44 Ballistics
清融
5:27 Loom
15:16 Feudal Age
22:00 Castle Age
20:06 Double-Bit Axe
21:38 Horse Collar
23:59 Bow Saw
23:56 Heavy Plow
26:13 Bloodlines
26:06 Husbandry
30:37 Thumb Ring
30:28 Fletching
30:45 Scale Barding Armor
30:51 Padded Archer Armor
32:19 Wheelbarrow
31:55 Light Cavalry
33:48 Hand Cart
34:13 Stone Mining
34:14 Gold Mining
37:10 Ballistics
39:49 Imperial Age
40:40 Gold Shaft Mining
40:08 Hussar
40:38 Heavy Cavalry Archer
41:50 Parthian Tactics
44:10 Forging
44:22 Chain Barding Armor
43:59 Bodkin Arrow
44:36 Elite Tarkan
45:52 Pikeman
46:33 Squires
46:20 Arson
48:41 Halberdier
52:25 Iron Casting
vilev
10:22 Loom
12:45 Feudal Age
13:58 Double-Bit Axe
16:34 Gold Mining
18:08 Wheelbarrow
20:28 Man-at-Arms
21:32 Horse Collar
22:44 Bloodlines
25:22 Town Watch
29:42 Castle Age
29:14 Scale Barding Armor
29:09 Scale Mail Armor
29:20 Forging
30:48 Caravan
30:57 Squires
31:04 Husbandry
32:21 Pikeman
37:54 Bow Saw
39:21 Inquisition
42:22 Imperial Age
40:18 Padded Archer Armor
40:08 Fletching
41:21 Hand Cart
41:22 Stone Mining
41:55 Heavy Plow
42:54 Chain Barding Armor
44:22 Town Patrol
45:00 Gambesons
44:36 Long Swordsman
44:37 Halberdier
46:00 Conscription
48:08 Plate Barding Armor
48:10 Iron Casting
48:29 Thumb Ring
Purdue
6:31 Loom
9:16 Feudal Age
10:33 Double-Bit Axe
10:33 Horse Collar
17:31 Bloodlines
17:36 Forging
22:39 Castle Age
21:26 Scale Barding Armor
22:43 Wheelbarrow
23:46 Iron Casting
22:35 Light Cavalry
26:03 Husbandry
26:47 Town Watch
29:25 Thumb Ring
31:21 Pikeman
32:02 Squires
34:29 Chain Barding Armor
35:16 Hand Cart
36:00 Bow Saw
35:43 Gold Mining
35:45 Stone Mining
35:59 Caravan
36:36 Parthian Tactics
37:09 Fervor
40:27 Imperial Age
37:59 Town Patrol
37:53 Gambesons
37:54 Arson
38:03 Fletching
38:14 Padded Archer Armor
39:02 Gold Shaft Mining
38:44 Masonry
38:55 Ballistics
40:25 Bodkin Arrow
40:46 Leather Archer Armor
40:32 Scale Mail Armor
40:09 Cavalier
41:52 Blast Furnace
41:33 Plate Barding Armor
42:00 Blast Furnace
41:02 Scale Mail Armor
40:36 Elite Skirmisher
42:26 Conscription
42:44 Kamandaran
44:08 Block Printing
43:49 Herbal Medicine
43:21 Savar
43:58 Halberdier
44:00 Crossbowman
44:24 Elite War Elephant
45:54 Leather Archer Armor
45:55 Chain Mail Armor
46:44 Chemistry
46:15 Architecture
46:01 Citadels
46:46 Heavy Cavalry Archer
Connection lost

Rejoining the realm…

Still unreachable

The connection could not be restored.

Session expired

The server has moved on; the page needs a fresh start.